 Dungeon Crawl Stone Soup version 0.30-a0-737-gf23d94013f (webtiles) character file.

Game seed: 15164115522747158103

99 arthad the Digger (level 4, -3/26 HPs)
             Began as a Gargoyle Earth Elementalist on Feb 3, 2023.
             Killed from afar by Ijyb (5 damage)
             ... with a puff of flame
             ... on level 3 of the Dungeon.
             The game lasted 00:05:32 (2819 turns).

arthad the Digger (Gargoyle Earth Elementalist)     Turns: 2819, Time: 00:05:33

Health: -3/26      AC:  8    Str: 10 (12) XL:     4   Next: 72%
Magic:  0/8        EV: 12    Int: 15 (17) God:
Gold:   109        SH:  0    Dex:  9 (10) Spells: 4/8 levels left

rFire   . . .      SeeInvis .    f - +1 battleaxe (freeze)
rCold   . . .      Faith    .    (shield currently unavailable)
rNeg    + . .      Spirit   .    a - +0 robe
rPois   ∞          Reflect  .    h - +2 helmet
rElec   +          Harm     .    (no cloak)
rCorr   .          Rampage  .    (no gloves)
Will    .....      Clarity  +    (no boots)
Stlth   ++                       (no amulet)
HPRegen 0.24/turn                (no ring)
MPRegen 0.11/turn                (no ring)

@: brilliant, attractive, flying
A: sickness immunity, AC +3, negative energy resistance 1, electricity
resistance, torment resistance 1, petrification resistance, clarity, robust 1,
subdued magic 1
a: no special abilities


You were on level 3 of the Dungeon.
You visited 1 branch of the dungeon, and saw 3 of its levels.

You collected 109 gold pieces.

Inventory:

Hand Weapons
 f - a +1 battleaxe of freezing (weapon)
Missiles
 p - 3 curare-tipped darts
Armour
 a - a +0 robe (worn)
 h - a +2 helmet (worn)
Magical Staves
 o - a staff of death
Scrolls
 c - a scroll of identify
 g - 2 scrolls of enchant weapon
 j - 2 scrolls of vulnerability {unknown}
 k - 2 scrolls of immolation {unknown}
 n - a scroll of summoning {unknown}
 r - a scroll of amnesia {unknown}
Potions
 b - a potion of magic
 e - 2 potions of flight
 i - a potion of attraction
 l - a potion of degeneration
 m - a potion of brilliance


   Skills:
 + Level 0.8 Fighting
 + Level 0.4 Axes
 + Level 1.9 Dodging
 - Level 2.1 Stealth
 * Level 2.7 Spellcasting
 * Level 1.7 Conjurations
 + Level 1.2 Transmutations
 * Level 4.5 Earth Magic


You had 4 spell levels left.
You knew the following spells:

 Your Spells              Type           Power      Damage    Failure   Level
a - Sandblast             Erth           36%        2d10      2%          1
b - Stone Arrow           Conj/Erth      26%        3d8       14%         3

Your spell library contained the following spells:

 Spells                   Type           Power      Damage    Failure   Level
 Passwall                 Tmut/Erth      10%        N/A       8%          2
 Petrify                  Tmut/Erth      12%        N/A       50%         4


Dungeon Overview and Level Annotations

Branches:
Dungeon (3/15)

Altars:
Ru

Shops:
D:3 ?

Annotations:
D:3 Ijyb


Innate Abilities, Weirdness & Mutations

You are immune to sickness and miasma.
Your stone body is resilient. (AC +3)
You are immune to poison.
You resist negative energy. (rN+)
You are resistant to electric shocks. (rElec)
You are resistant to unholy torment.
You are immune to petrification.
You possess an exceptional clarity of mind.
You are robust. (+10% HP)
Your spells are a little easier to cast, but a little less powerful.


Message History

It was a potion of curing.
You feel better.
Ijyb zaps a wand.
The puff of flame misses you. The hobgoblin barely misses you.
Okay, then.
Aiming: Sandblast (safe; 2% risk of failure)
Press: ? - help, Q - select action, (/) - cycle Shift-Dir - straight line, f/p - Ijyb
Aim: Ijyb, wielding a +0 club, wearing a +0 ring mail and carrying a wand of flame (14) (lightly wounded, 80% to hit)
You feel a surge of power!
The blast of sand hits Ijyb.
Ijyb is lightly wounded.
The hobgoblin barely misses you. Ijyb barely misses you.
Aiming: Sandblast (safe; 2% risk of failure)
Press: ? - help, Q - select action, (/) - cycle Shift-Dir - straight line, f/p - Ijyb
Aim: Ijyb, wielding a +0 club, wearing a +0 ring mail and carrying a wand of flame (14) (lightly wounded, 80% to hit)
You feel a surge of power!
The blast of sand hits Ijyb but does no damage.
Ijyb is lightly wounded.
The hobgoblin hits you but does no damage.
Ijyb zaps a wand.
The puff of flame hits you!
* * * LOW HITPOINT WARNING * * *
Ijyb zaps a wand.
The puff of flame misses you. The hobgoblin barely misses you.
Okay, then.
Okay, then.
Ijyb attacks as you move away! Ijyb barely misses you.
You aren't carrying any items that you can evoke.
Okay, then.
Okay, then.
Aiming: Sandblast (safe; 2% risk of failure)
Press: ? - help, Q - select action, (/) - cycle Shift-Dir - straight line, f - hobgoblin, p - Ijyb
Aim: a hobgoblin (82% to hit)
You feel a surge of power!
The blast of sand hits Ijyb but does no damage.
Ijyb is lightly wounded.
Ijyb hits you with a +0 club.
* * * LOW HITPOINT WARNING * * *
The hobgoblin is attracted toward you.
As you read the scroll labelled WEAHAEB YR LYA, it crumbles to dust.
It is a scroll of identify.
g - 2 scrolls of enchant weapon Ijyb zaps a wand.
The puff of flame hits you.
You die...

######### ###........
###.........#
##...........
##...........
#........## #
###.#....§..###....
####...#..@g....##....
#....###..g.##..##....
###.####
#######........ ##...#
#...∩....... #..#######
.$....#######
#......... ...##..##..
#)##########..##.......
#.# ########.... #.#
...


You could see Ijyb and a hobgoblin.

Vanquished Creatures
  3 adders (D:2)
  2 dart slugs
  An orc (D:3)
  7 bats
  9 endoplasms
  2 giant cockroaches (D:1)
  5 goblins
  4 hobgoblins
  4 jackals (D:1)
  2 quokkas
  11 ball pythons
  2 frilled lizards (D:3)
  6 kobolds
  3 rats (D:2)
61 creatures vanquished.

Notes
Turn   | Place    | Note
-------+----------+-------------------------------------------
     0 | D:1      | arthad the Gargoyle Earth Elementalist began the quest for
                  | the Orb.
     0 | D:1      | Reached XP level 1. HP: 10/10 MP: 3/3
   256 | D:1      | Reached XP level 2. HP: 15/15 MP: 1/5
   402 | D:1      | Reached skill level 4 in Earth Magic
   403 | D:1      | Reached skill level 1 in Conjurations
   558 | D:1      | Reached skill level 1 in Transmutations
   783 | D:1      | Reached XP level 3. HP: 19/19 MP: 3/6
   787 | D:1      | Learned a level 3 spell: Stone Arrow
  1594 | D:2      | Reached XP level 4. HP: 24/24 MP: 4/7
  2670 | D:3      | Found a sacrificial altar of Ru.
  2789 | D:3      | Found Zumizer's Magic Scroll Boutique.
  2795 | D:3      | Noticed Ijyb
  2812 | D:3      | Gained mutation: You are robust. (+10% HP) [potion of
                  | mutation]
  2812 | D:3      | Gained mutation: Your spells are a little easier to cast,
                  | but a little less powerful. [potion of mutation]
  2812 | D:3      | Gained mutation: You possess an exceptional clarity of
                  | mind. [potion of mutation]
  2819 | D:3      | Killed from afar by Ijyb

Illustrated notes

Levels and vault maps discovered:
D:1:      dpeg_arrival_tiny_i, layout_basic, minmay_indecisive_spiral
D:2:      layout_basic
D:3:      layout_basic, nicolae_elyvilon_peaceful_grove,
          nicolae_ru_the_path_less_chosen, serial_shops, nicolae_square_shop,
          gammafunk_ghost_arena, st_stairs_3, minmay_stone_trees_small,
          uniq_ijyb

Skill      XL: |  1  2 |
---------------+-------+-----
Earth Magic    | 4 |  4.5
Conjurations   | 1 |  1.7
Transmutations | 1 |  1.2
Fighting       | |  0.8
Axes           | |  0.4
Dodging        | |  1.9
Stealth        | |  2.1
Spellcasting   | |  2.7

Action                     |  1- 3 |  4- 6 || total
---------------------------+-------+-------++-------
  Melee: Unarmed           |    47 |       ||    47
         Battleaxe         |     6 |       ||     6
   Cast: Sandblast         |    46 |    34 ||    80
    Use: Potion            |       |     6 ||     6
         Scroll            |       |     1 ||     1
 Armour: Robe              |    21 |     7 ||    28
  Dodge: Dodged            |    42 |    17 ||    59

Table legend: (Time is in decaauts)
 A = Elapsed time spent in this place.
 B = Non-inter-level travel time spent in this place.
 C = Inter-level travel time spent in this place.
 D = Time resting spent in this place.
 E = Time spent auto-exploring this place.
 F = Levels seen in this place.
 G = Mean time per level.
                   A        B        C        D        E       F      G
               +--------+--------+--------+--------+--------+-----+--------+
         Total |   2862 |   2721 |    141 |     75 |   2267 |   3 |  954.0 |
       Dungeon |   2862 |   2721 |    141 |     75 |   2267 |   3 |  954.0 |
               +--------+--------+--------+--------+--------+-----+--------+

Top non-repeatable levels by time:
     D:1: 1358 daAuts
     D:2: 1232 daAuts
     D:3: 271 daAuts
